 Dungeon Crawl Stone Soup version 0.30.0-20-g3b4254fcbd (webtiles) character file.

Game seed: 15584974347032812445

73 jagang the Digger (level 4, 0/27 HPs)
             Began as an Octopode Earth Elementalist on June 2, 2023.
             Slain by a quokka (1 damage)
             ... on level 3 of the Dungeon.
             The game lasted 00:03:20 (1842 turns).

jagang the Digger (Octopode Earth Elementalist)     Turns: 1842, Time: 00:03:21

Health: 0/27       AC:  1    Str:  7    XL:     4   Next: 27%
Magic:  6/7        EV: 13    Int: 19    God:
Gold:   141        SH:  0    Dex: 12    Spells: 7/8 levels left

rFire   . . .        m - +4 quarterstaff (chaos)
rCold   . . .        (shield currently unavailable)
rNeg    . . .        (helmet restricted)
rPois   .            (no amulet)
rElec   .            (no ring)
rCorr   .            (no ring)
SInv    .            (no ring)
Will    .....        (no ring)
Stlth   +++          (no ring)
HPRegen 0.24/turn    (no ring)
MPRegen 0.10/turn    (no ring)
                     (no ring)

%: no passive effects
@: no status effects
A: almost no armour, amphibious, 8 rings, camouflage 1, gelatinous body 1,
(nimble swimmer 1), tentacles
a: no special abilities


You were on level 3 of the Dungeon.
You visited 1 branch of the dungeon, and saw 3 of its levels.

You collected 141 gold pieces.

Inventory:

Hand Weapons
 m - a +4 quarterstaff of chaos (weapon)
Missiles
 j - 2 throwing nets
Magical Staves
 k - a staff of fire
Scrolls
 b - 2 scrolls of immolation {unknown}
 c - a scroll of poison {unknown}
 e - 3 scrolls of teleportation {unknown}
 f - a scroll of magic mapping {unknown}
 i - 3 scrolls of identify {unknown}
 l - 2 scrolls of amnesia {unknown}
Potions
 a - a potion of magic
 d - a potion of cancellation
 g - a potion of heal wounds {unknown}
 h - a potion of attraction {unknown}


   Skills:
 + Level 0.1 Staves
 + Level 2.5 Dodging
 - Level 3.0 Stealth
 + Level 2.5 Spellcasting
 + Level 1.7 Transmutations
 * Level 3.8 Earth Magic
 + Level 0.1 Evocations


You had 7 spell levels left.
You knew the following spells:

 Your Spells              Type           Power      Damage    Failure   Level
a - Sandblast             Erth           34%        2d9       3%          1

Your spell library contained the following spells:

 Spells                   Type           Power      Damage    Failure   Level
 Passwall                 Tmut/Erth      10%        N/A       8%          2
 Stone Arrow              Conj/Erth      18%        3d8       22%         3
 Summon Guardian Golem    Hex/Summ       2%         N/A       43%         3
 Petrify                  Tmut/Erth      13%        N/A       45%         4
 Orb of Destruction       Conj           1%         9d5       100%        7
 Spellforged Servitor     Conj/Summ      1%         N/A       100%        7


Dungeon Overview and Level Annotations

Branches:
Dungeon (3/15)

Altars:
Makhleb


Innate Abilities, Weirdness & Mutations

You cannot wear most types of armour.
You are amphibious.
You can wear up to eight rings at the same time.
Your skin changes colour to match your surroundings (Stealth+).
Your rubbery body absorbs attacks. (AC +1, EV +1)
((You are camouflaged when in or above water. (Stealth+)))
You have tentacles for arms and can constrict up to eight enemies at once.


Message History

You barely miss the orc.
The orc shouts!
Your grab misses the orc.
The orc is almost dead.
You kill the orc!
An orc comes into view. It is wielding a +0 flail.
The orc misses you.
A kobold comes into view.
It is wielding a +0 falchion and quivering poisoned darts.
You hit the orc. You burn the orc. Your grab misses the orc.
The orc is almost dead.
The quokka bites you.
The orc drinks a potion.
The orc is healed!
The quokka closely misses you. The orc attacks as you move away!
The orc hits you with a +0 whip. The quokka attacks as you move away!
The quokka closely misses you.
You hit the orc.
The orc seems to slow down.
Your grab misses the orc. You squeeze the orc.
You kill the orc!
The quokka twitches its whiskers.
The quokka closely misses you. The orc attacks as you move away!
The orc hits you with a +1 mace of draining.
You feel drained. The quokka bites you. The orc attacks as you move away!
The orc barely misses you. The quokka closely misses you.
The quokka attacks as you move away! The quokka misses you.
The orc hits you with a +0 flail. The orc attacks as you move away!
The orc hits you with a +0 flail.
* * * LOW HITPOINT WARNING * * *
It was a potion of cancellation.
You feel magically purged. The orc barely misses you.
You thump the orc!
You kill the orc!
The quokka misses you.
Your life force feels restored.
You closely miss the quokka. You grab the quokka. You constrict the quokka.
The quokka bites you.
* * * LOW HITPOINT WARNING * * *
You release your grip on the quokka.
The quokka attacks as you move away! The quokka completely misses you.
The quokka bites you.
You die...

#....# #####....#
#........# . ##.####.###
(. ###..# #.#
...###...#####.########.
....<...####.....<......
#
.....)...................
....##...#......@######.#
.... ..#...###.#r.# #.#
######.........##K## ...
...######.....##.#
#.(.....#.#......#.##.
##### #...##..))..!...
###.....####...# #..)#..#
. # #......##.#


You could see a quokka and a kobold.

Vanquished Creatures
  Crazy Yiuf (D:2)
  2 worms
  4 orcs (D:3)
  3 endoplasms
  2 giant cockroaches (D:2)
  4 goblins
  4 hobgoblins
  4 ball pythons
  A bat (D:1)
  2 frilled lizards (D:1)
  4 kobolds
  7 rats
38 creatures vanquished.

Notes
Turn   | Place    | Note
-------+----------+-------------------------------------------
     0 | D:1      | jagang the Octopode Earth Elementalist began the quest for
                  | the Orb.
     0 | D:1      | Reached XP level 1. HP: 11/11 MP: 3/3
   135 | D:1      | Found a faded altar of an unknown god.
   329 | D:1      | Reached XP level 2. HP: 17/17 MP: 3/5
  1061 | D:2      | Reached XP level 3. HP: 17/21 MP: 3/6
  1227 | D:2      | Found a burning altar of Makhleb.
  1626 | D:2      | Found a runed translucent door.
  1627 | D:2      | Noticed Crazy Yiuf
  1633 | D:2      | Killed Crazy Yiuf
  1634 | D:2      | Reached XP level 4. HP: 27/27 MP: 3/7
  1841 | D:3      | HP: 1/27 [quokka (3)]
  1842 | D:3      | Slain by a quokka

Illustrated notes

Levels and vault maps discovered:
D:1:      lightli_arrival_boilingwater, layout_loops_ring,
          shapermc_ecumenical_altar_totnotflames
D:2:      layout_loops_ring, basic_altar, uniq_crazy_yiuf_cottage
D:3:      layout_rooms

Skill      XL: |  1  2 |
---------------+-------+-----
Stealth        | 3 |  3.0
Staves         | |  0.1
Dodging        | |  2.5
Spellcasting   | |  2.5
Transmutations | |  1.7
Earth Magic    | |  3.8
Evocations     | |  0.1

Action                     |  1- 3 |  4- 6 || total
---------------------------+-------+-------++-------
  Melee: Unarmed           |     3 |       ||     3
         Quarterstaff      |       |     8 ||     8
         Constrict         |       |     3 ||     3
         Tentacles         |       |     2 ||     2
   Cast: Sandblast         |    38 |    10 ||    48
    Use: Potion            |       |     1 ||     1
   Stab: Sleeping          |     2 |     1 ||     3
 Armour: Skin              |     1 |       ||     1
  Dodge: Dodged            |     8 |    11 ||    19
